 Dungeon Crawl Stone Soup version 0.22-a0-367-gb72a975 (webtiles) character file.

22 Firecrotchwizard the Shield-Bearer (level 2, 0/27 HPs)
             Began as a Minotaur Fighter on Apr 22, 2018.
             Slain by an adder (2 damage)
             ... on level 2 of the Dungeon.
             The game lasted 00:01:12 (1113 turns).

Firecrotchwizard the Shield-Bearer (MiFi)           Turns: 1113, Time: 00:01:13

Health: 0/27       AC: 11    Str: 25    XL:     2   Next: 68%
Magic:  1/1        EV:  7    Int: 10    God:
Gold:   101        SH:  9    Dex:  9    Spells: 1/1 levels left

rFire    . . .     SeeInvis .     - Unarmed
rCold    . . .     Gourm    .   b - +0 shield
rNeg     . . .     Faith    .   a - +0 scale mail
rPois    .         Spirit   .   g - +2 hat
rElec    .         Reflect  .   (no cloak)
rCorr    .         Harm     .   (no gloves)
MR       .....                  (no boots)
Stlth    ..........             (no amulet)
HPRegen  0.09/turn              (no ring)
MPRegen  0.07/turn              (no ring)

@: mighty, brilliant
A: retaliatory headbutt, horns 2, molten scales 1, blink, blurry vision 1
a: Blink


You were on level 2 of the Dungeon.
You were hungry.

You visited 1 branch of the dungeon, and saw 2 of its levels.

You collected 101 gold pieces.

Inventory:

Armour
 a - a +0 scale mail (worn)
 b - a +0 shield (worn)
 g - a +2 hat (worn)
   (You found it on level 1 of the Dungeon)
Scrolls
 e - a scroll of teleportation {unknown}
 f - 3 scrolls of identify {unknown}
 i - a scroll of random uselessness {unknown}
 j - a scroll of blinking {unknown}
 l - a scroll of magic mapping {unknown}
Potions
 k - a potion of mutation {!q}
Comestibles
 d - 3 rations {@e1}
 m - a chunk of flesh {@w0}


   Skills:
 + Level 3.9 Fighting
 + Level 3.9 Armour
 + Level 3.9 Shields
 * Level 2.8 Unarmed Combat


You had one spell level left.
You didn't know any spells.

Dungeon Overview and Level Annotations

Branches:
Dungeon (2/15)

Altars:

Annotations:
D:2 Natasha


Innate Abilities, Weirdness & Mutations

You reflexively headbutt those who attack you in melee.
You have a pair of horns on your head.
You are partially covered in molten scales. (AC +2)
You can translocate small distances at will.
Scrolls take you a little longer to read.


Message History

Things that are here:
a club; a hobgoblin corpse You butcher the hobgoblin corpse.
m - 4 chunks of flesh {@w0} (gained 3)
There is a large open door here.
You see here a club.
Some of the chunks of flesh in your inventory have rotted away.
There is a large open door here.
You see here a club.
You butcher the frilled lizard corpse.
m - 4 chunks of flesh {@w0} (gained 1)
There is a large open door here. x2
You now have 69 gold pieces (gained 13).
You now have 80 gold pieces (gained 11).
There is a large open door here.
You see here a club.
Done exploring.
Done exploring.
(D) Dungeon
Where to? (? - help)
You see here 25 stones.
There is a stone staircase leading down here.
You climb downwards.
There is a stone staircase leading up here.
You now have 93 gold pieces (gained 13).
You now have 101 gold pieces (gained 8).
A bat comes into view.
You block the bat's attack.
You closely miss the bat. The bat barely misses you.
You block the bat's attack. The bat barely misses you. You furiously retaliate!
You headbutt the bat.
You kill the bat!
f - 3 scrolls labeled HETOAR CIHAAPN (gained 1) No target in view!
A goblin comes into view.
The goblin shouts!
Natasha, Servant of Life and Death comes into view.
Natasha hisses angrily.
An adder comes into view.
You barely miss Natasha.
You are feeling hungry.
The adder hisses angrily.
Natasha claws you but does no damage. You block the goblin's attack.
You closely miss Natasha.
Natasha casts a spell.
The goblin barely misses you.
You miss the crimson imp. Your headbutt misses the crimson imp.
Natasha casts a spell at you. The magic dart hits you!
The goblin hits you but does no damage.
You take 7 damage, and have 20/27 hp.
MASSIVE DAMAGE!!
Your shield and scale mail prevent you from hitting Natasha.
You block the crimson imp's attack. You block Natasha's attack.
The goblin barely misses you.
You completely miss Natasha. You block the crimson imp's attack.
Natasha claws you! You block the goblin's attack.
You take 7 damage, and have 13/27 hp.
MASSIVE DAMAGE!!
You hit Natasha but do no damage.
The crimson imp hits you but does no damage.
Natasha claws you!
* * * LOW HITPOINT WARNING * * *
You take 7 damage, and have 6/27 hp.
MASSIVE DAMAGE!!
You hit Natasha. The goblin hits you but does no damage.
The crimson imp hits you but does no damage.
Natasha claws you.
* * * LOW HITPOINT WARNING * * *
The goblin hits you.
* * * LOW HITPOINT WARNING * * *
You take 1 damage, and have 5/27 hp.
You barely miss Natasha. Your headbutt misses Natasha.
The crimson imp hits you.
* * * LOW HITPOINT WARNING * * *
You block Natasha's attack. The goblin hits you.
* * * LOW HITPOINT WARNING * * *
You take 4 damage, and have 1/27 hp.
You hit Natasha but do no damage. You block the crimson imp's attack.
Natasha claws you but does no damage. The goblin barely misses you.
You completely miss Natasha. Your headbutt misses Natasha.
The crimson imp blinks!
You block Natasha's attack. The goblin closely misses you.
Natasha stares at you and mumbles some strange words.
The magic dart hits you!
It was a potion of mutation.
You feel extremely strange.
You feel jittery.
Your vision blurs.
Molten scales grow over part of your body.
You block the goblin's attack.
It was a potion of brilliance.
You feel clever all of a sudden. You block the goblin's attack.
You feel very mighty all of a sudden.
Natasha mewls in sadness.
You block the goblin's attack.
You punch the goblin!
You kill the goblin!
You block the adder's attack.
The crimson imp blinks!
Some of the chunks of flesh in your inventory have rotted away.
You closely miss the adder. You headbutt the adder. The adder bites you.
You die...

... #. .. #.#
####.#### # #.#
#.......##.#
####.###.##.......####
#........##?.#.#......
#.#...#..##..h....#
#........###.#ยง.....#
#........@Sh.###..#.#
#.......###..###..#
#.......###.........
#.......#.....#######
#.##.#..#.....#
#.#..#..#.....#
###.#.##..#.....#
#......#..#.....#
#.#.......#######


You could see Natasha and an adder.

Vanquished Creatures
  An ooze (D:1)
  2 dart slugs (D:1)
  2 goblins
  2 hobgoblins (D:1)
  2 bats
  4 frilled lizards (D:1)
  2 kobolds (D:1)
15 creatures vanquished.

Notes
Turn   | Place    | Note
-------+----------+-------------------------------------------
     0 | D:1      | Firecrotchwizard the Minotaur Fighter began the quest for the Orb.
     0 | D:1      | Reached XP level 1. HP: 19/19 MP: 0/0
   265 | D:1      | Reached XP level 2. HP: 26/27 MP: 1/1
   895 | D:1      | Noticed an ogre
   896 | D:1      | Noticed an ogre
   896 | D:1      | Noticed an ogre
   901 | D:1      | Noticed an ogre
  1092 | D:2      | Noticed Natasha
  1096 | D:2      | Noticed a crimson imp
  1099 | D:2      | HP: 6/27 [Natasha (7)]
  1101 | D:2      | HP: 1/27 [goblin (2)]
  1109 | D:2      | Gained mutation: You can translocate small distances at will. [potion of mutation]
  1109 | D:2      | Gained mutation: Scrolls take you a little longer to read. [potion of mutation]
  1109 | D:2      | Gained mutation: You are partially covered in molten scales. (AC +2) [potion of mutation]
  1113 | D:2      | Slain by an adder

Vault maps used:
D:1:      erik_arrival_cave_to_civilisation, hangedman_decor_growths
D:2:      trog_hazing_becter, uniq_natasha

Action                   || total
-------------------------++-------
Melee: Unarmed           ||    48
       Headbutt          ||     5
  Use: Potion            ||     3
Armor: Scale mail        ||    20
Dodge: Dodged            ||    14
Block: Shield            ||    28

Table legend:
 A = Spawn XP
 B = Non-spawn XP
 C = Spawn XP percentage of total XP
 D = Spawn monster count
 E = Non-spawn monster count
 F = Spawn count percentage of total count
 G = Total turns spent on level
                    A         B        C        D         E        F      G
               +---------+---------+-------+---------+---------+-------+---------
         Total |       0 |      32 |   0.0 |       0 |      15 |   0.0 |  1113
               +---------+---------+-------+---------+---------+-------+---------
           D:1 |       0 |      28 |   0.0 |       0 |      13 |   0.0 |  1058
           D:2 |       0 |       4 |   0.0 |       0 |       2 |   0.0 |    55
               +---------+---------+-------+---------+---------+-------+---------

Vault maps used:
D:1:      erik_arrival_cave_to_civilisation, hangedman_decor_growths
D:2:      trog_hazing_becter, uniq_natasha

Table legend:
 A = Turns spent in this place as a percentage of turns spent in the entire game.
 B = Non-inter-level travel turns spent in this place as a percentage of non-inter-level travel turns spent in the entire game.
 C = Inter-level travel turns spent in this place as a percentage of turns spent in this place.
 D = Turns resting spent in this place as a percentage of non-inter-level travel turns spent in this place.
 E = Turns spent auto-exploring this place as a percentage of non-inter-level travel turns spent in this place.
 F = Non-inter-level travel turns spent in this place divided by the number of levels of this place that you've seen.
                   A       B       C       D       E      F
               +-------+-------+-------+-------+-------+----------------------
         Total | 100.0 | 100.0 |   9.4 |   0.0 |  89.1 | 504.0
       Dungeon | 100.0 | 100.0 |   9.4 |   0.0 |  89.1 | 504.0
               +-------+-------+-------+-------+-------+----------------------

Table legend:
 A = Kills in this place as a percentage of kills in entire the game.
 B = Kills by you in this place as a percentage of kills by you in the entire game.
 C = Kills by friends in this place as a percentage of kills by friends in the entire game.
 D = Other kills in this place as a percentage of other kills in the entire game.
 E = Experience gained in this place as a percentage of experience gained in the entire game.
 F = Experience gained in this place divided by the number of levels of this place that you have seen.
                   A       B       C       D       E      F
               +-------+-------+-------+-------+-------+----------------------
         Total | 100.0 | 100.0 |   N/A |   N/A | 100.0 |  16.0
       Dungeon | 100.0 | 100.0 |   N/A |   N/A | 100.0 |  16.0
               +-------+-------+-------+-------+-------+----------------------
